Description

Yes

Replay - Clem v Serral: Game 5 - [EWC] Oceanborn

Build Order

Get SALT Encoding   

  12  0:00  SCV  
  13  0:12  SCV  
  14  0:17  Supply Depot  
  14  0:24  SCV  
  15  0:38  SCV  
  15  0:40  Barracks  
  16  0:43  Refinery  
  16  0:50  SCV  
  17  1:02  SCV  
  18  1:15  SCV  
  19  1:27  Orbital Command, Reaper  
  20  1:37  Command Center  
  20  1:49  Supply Depot  
  20  1:52  SCV  
  21  1:59  Marine  
  22  2:05  SCV  
  23  2:13  Factory  
  23  2:17  SCV  
  23  2:21  Barracks Reactor  
  25  2:37  Command Center  
  26  2:50  Orbital Command  
  27  3:01  Starport  
  27  3:05  Refinery  
  27  3:09  Hellion x2  
  34  3:20  Barracks Tech Lab  
  34  3:30  Hellion x2  
  41  3:44  Banshee  
  45  3:49  Orbital Command, Marine  
  47  3:57  Cloaking Field  
  47  3:59  Hellion x2  
  51  4:08  Supply Depot  
  52  4:10  Barracks Tech Lab  
  56  4:26  Barracks x2  
  56  4:27  Orbital Command  
  56  4:30  Marine  
  57  4:33  Refinery, Banshee  
  57  4:34  Factory Reactor  
  57  4:37  Supply Depot  
  63  4:46  Stimpack  
  63  4:49  Engineering Bay x2  
  65  4:54  Marine  
  67  5:00  Refinery, Supply Depot  
  67  5:05  Barracks x2  
  70  5:22  Siege Tank, Marine x5  
  81  5:36  Terran Infantry Armor Level 1  
  81  5:38  Terran Infantry Weapons Level 1, Starport Reactor  
  84  5:43  Marine  
  85  5:53  Barracks Reactor  
  92  5:59  Barracks Reactor  
  92  6:03  Siege Tank  
  97  6:15  Medivac x2  
  107  6:25  Refinery  
  109  6:26  Factory  
  109  6:31  Combat Shield  
  117  6:43  Siege Tank  
  130  6:58  Armory  
  132  7:03  Medivac x2  
  141  7:16  Factory Reactor  
  141  7:21  Command Center  
  142  7:23  Siege Tank  
  148  7:33  Medivac  
  148  7:35  Refinery  
  146  7:48  Terran Infantry Armor Level 2, Terran Infantry Weapons Level 2  
  148  7:54  Widow Mine x3  
  158  8:18  Siege Tank  
  163  8:22  Barracks x3  
  163  8:24  Drilling Claws, Widow Mine x2  
  163  8:25  Concussive Shells  
  170  8:43  Medivac  
  170  8:45  Widow Mine x2  
  177  8:50  Siege Tank  
  177  8:51  Terran Vehicle And Ship Armor Level 1  
  186  8:56  Medivac  
  189  9:07  Widow Mine x2  
  194  9:10  Planetary Fortress  
  193  9:18  Barracks Tech Lab x3  
  193  9:23  Widow Mine  
  190  9:27  Sensor Tower  
  190  9:28  Command Center  
  190  9:30  Marauder  
  191  9:39  Medivac  
  191  9:44  Marauder x3  
  183  9:51  Marauder  
Spawning Tool Build Advisor. Get it on Overwolf

Go to:

Details

  • Created by: BobbyMobby
  • Published on: Sep 07, 2024
  • Modified on: Sep 07, 2024
  • Patch: 5.0.11
  • Difficulty: Hard
Show
View Real Time Build Order
Export as new Build Order

Comments (0)

There are no comments. Be the first!

Create an account to comment!